 Dungeon Crawl Stone Soup version 0.23-a0-644-gb60d84b (webtiles) character file.

9 Borgoz the Skirmisher (level 2, -1/25 (26) HPs)
             Began as a Ghoul Abyssal Knight on Jan 1, 2019.
             Was an Initiate of Lugonu.
             Slain by an adder (3 damage)
             ... on level 2 of the Dungeon.
             The game lasted 00:00:47 (361 turns).

Borgoz the Skirmisher (Ghoul Abyssal Knight)         Turns: 361, Time: 00:00:47

HP:   -1/25 (26)    AC:  4    Str: 15    XL:     2   Next: 16%
MP:   2/2           EV: 11    Int:  7    God:    Lugonu [......]
Gold: 34            SH:  0    Dex:  8    Spells: 1/1 levels left

rFire    . . .     SeeInvis .   a - +1 hand axe
rCold    + . .     Gourm    .   (no shield)
rNeg     + + +     Faith    .   b - +1 leather armour
rPois    ∞         Spirit   .   (no helmet)
rElec    .         Reflect  .   (no cloak)
rCorr    .         Harm     .   (no gloves)
MR       .....                  (no boots)
Stlth    +.........             (no amulet)
HPRegen  0.00/turn              (no ring)
MPRegen  0.08/turn              (no ring)

@: rotting
A: rotting body, claws 1, carnivore, cold resistance 1, negative energy
resistance 3, inhibited regeneration, torment resistance, unbreathing
a: Renounce Religion


You were on level 2 of the Dungeon.
You worshipped Lugonu.
Lugonu was noncommittal.
You were not hungry.

You visited 1 branch of the dungeon, and saw 2 of its levels.
You visited the Abyss 1 time.

You collected 34 gold pieces.

Inventory:

Hand Weapons
 a - a +1 hand axe (weapon)
Armour
 b - a +1 leather armour (worn)
Scrolls
 d - a scroll of enchant armour
Comestibles
 c - a ration


   Skills:
 + Level 3.4 Fighting
 * Level 2.1 Axes
 + Level 1.9 Armour
 + Level 1.0 Dodging
 + Level 2.1 Invocations


You had one spell level left.
You didn't know any spells.
Your spell library was empty.

Dungeon Overview and Level Annotations

Branches:
Dungeon (2/15)

Altars:


Innate Abilities, Weirdness & Mutations

Your body is rotting away.
You thrive on raw meat.
You are immune to poison.
You have sharp fingernails.
You are carnivorous and can eat meat at any time.
Your flesh is cold resistant. (rC+)
You are immune to negative energy. (rN+++)
You do not regenerate when monsters are visible.
You are immune to unholy pain and torment.
You can survive without breathing.


Message History

The adder bites you but does no damage. The adder bites you. x2
You barely miss the adder. You miss the adder. You barely miss the adder.
The adder bites you.
* * * LOW HITPOINT WARNING * * *
The adder bites you.
* * * LOW HITPOINT WARNING * * *
The adder bites you.
* * * LOW HITPOINT WARNING * * *
You aren't carrying any potions.
You closely miss the adder.
The adder is severely wounded.
You closely miss the adder. x2; The adder closely misses you.
The adder bites you but does no damage. The adder barely misses you.
The adder bites you but does no damage. The adder bites you.
* * * LOW HITPOINT WARNING * * *
The adder misses you.
As you read the scroll labeled HEUWIE KUXOGG, it crumbles to dust.
The scroll dissolves into smoke.
It was a scroll of fog.
The adder misses you. The adder bites you.
You die...

.. ... ..#.
#.... ......
###...###
###SS§.....
#§§@Sg....#
######.§####.#..
#.....§####
#.#.......#..##
#....<.......
#.........###
##.######..# #..
.# ...# .


You could see 3 adders and a goblin.

Vanquished Creatures
  An ooze (D:1)
  A bat (D:1)
  A hobgoblin (D:1)
  A kobold (D:2)
  2 rats (D:1)
6 creatures vanquished.

Notes
Turn   | Place    | Note
-------+----------+-------------------------------------------
     0 | Abyss:1  | Borgoz the Ghoul Abyssal Knight began the quest for the
                  | Orb.
     0 | Abyss:1  | Reached XP level 1. HP: 19/19 MP: 1/1
    47 | Abyss:1  | Noticed a large abomination
    52 | D:1      | Escaped the Abyss
    83 | D:1      | Reached skill level 1 in Dodging
    84 | D:1      | Reached XP level 2. HP: 21/26 MP: 2/2
   361 | D:2      | Slain by an adder

Vault maps used:
D:1:      dpeg_arrival_round_a, nemelex_altar_shiori

Skill      XL: |  1 |
---------------+----+-----
Axes           | 2 |  2.1
Dodging        | 1 |  1.0
Fighting       | |  3.4
Armour         | |  1.9
Invocations    | |  2.1

Action                   || total
-------------------------++-------
Melee: Hand axe          ||    28
Invok: Depart the Abyss  ||     1
  Use: Scroll            ||     2
  Eat: Chunk             ||     1
Armor: Leather armour    ||    12
Dodge: Dodged            ||    30

Table legend:
 A = Non-vault XP
 B = Vault XP
 C = Vault XP percentage of total XP
 D = Non-vault monster count
 E = Vault monster count
 F = Vault count percentage of total count
                 A         B        C        D         E       F
            +---------+---------+-------+---------+---------+-------
      Total |      14 |       0 |   0.0 |       6 |       0 |   0.0
            +---------+---------+-------+---------+---------+-------
        D:1 |      13 |       0 |   0.0 |       5 |       0 |   0.0
        D:2 |       1 |       0 |   0.0 |       1 |       0 |   0.0
            +---------+---------+-------+---------+---------+-------
